 Dungeon Crawl Stone Soup version 0.30.1-3-gfc49f6343a (webtiles) character file.

Game seed: 11751095169659696303

87637 EWolf27 the Geomancer (level 15, -25/96 HPs)
             Began as a Gargoyle Earth Elementalist on July 21, 2023.
             Was the Champion of the Shining One.
             Annihilated by an enormous slime creature (52 damage)
             ... on level 15 of the Dungeon on July 22, 2023.
             The game lasted 02:41:16 (32845 turns).

EWolf27 the Geomancer (GrEE)                       Turns: 32845, Time: 02:41:17

Health: -25/96     AC: 23    Str: 16    XL:     15   Next: 91%
Magic:  27/31      EV: 10    Int: 22    God:    the Shining One [******]
Gold:   354        SH: 13    Dex: 12    Spells: 16/38 levels left

rFire   + . .        a - +7 eveningstar "Haoluabb" {venom, rN+}
rCold   + . .        F - +5 Storm Queen's Shield {shock, Fly rElec}
rNeg    + + +        I - +0 troll leather armour
rPois   ∞            S - +0 mask of the Dragon {Will+ Slay+3 SInv}
rElec   +            P - +0 cloak "Zugh" {Dex+2 Stlth+}
rCorr   .            v - +2 pair of gloves {Stlth+}
SInv    +            r - +2 pair of boots
Will    ++...        L - amulet of Hegex {Regen+ Str+3 Slay+2}
Stlth   ++           h - ring of protection from fire
HPRegen 1.96/turn    E - ring of protection from cold
MPRegen 0.22/turn

%: no passive effects
@: flying, glowing
A: sickness immunity, AC +11, big wings, negative energy resistance 1,
electricity resistance, torment resistance 1, petrification resistance
a: Renounce Religion, Divine Shield, Cleansing Flame, Summon Divine Warrior,
Brand Weapon With Holy Wrath


You were on level 15 of the Dungeon.
You worshipped the Shining One.
The Shining One was exalted by your worship.
You visited 3 branches of the dungeon, and saw 21 of its levels.
You also visited: Ice Cave.

You collected 1958 gold pieces.
You spent 1513 gold pieces at shops.
You donated 91 gold pieces to Zin.

Inventory:

Hand Weapons
 a - the +7 eveningstar "Haoluabb" (weapon) {venom, rN+}
   (You acquired it on level 9 of the Dungeon)

   rN:        It protects you from negative energy.
 c - a +4 whip of electrocution
Missiles
 i - 9 curare-tipped darts (quivered)
 o - 35 poisoned darts
Armour
 r - a +2 pair of boots (worn)
 v - a +2 pair of gloves of stealth (worn)
 B - the +1 hat "Boehenipp" {rF+}
   (You found it on level 7 of the Dungeon)

   rF:        It protects you from fire.
 F - the +5 Storm Queen's Shield (worn) {shock, Fly rElec}
   (You acquired it on level 2 of the Lair of Beasts)

   Shock:     When it blocks an attack, it may electrocute the attacker.
   This works even against foes who are a short distance away.
   rElec:     It insulates you from electricity.
   Fly:       It grants you flight.
 I - a +0 troll leather armour (worn)
 P - the +0 cloak "Zugh" (worn) {Dex+2 Stlth+}
   (You bought it in a shop on level 11 of the Dungeon)

   Dex:       It affects your dexterity (+2).
   Stlth:     It makes you more stealthy.
 S - the +0 mask of the Dragon (worn) {Will+ Slay+3 SInv}
   (You found it on level 5 of the Lair of Beasts)

   Slay:      It affects your accuracy & damage with ranged weapons and melee
   (+3).
   SInv:      It lets you see invisible.
   Will:      It increases your willpower.
Jewellery
 b - an amulet of reflection
 h - a ring of protection from fire (left hand)
 E - a ring of protection from cold (right hand)
 L - the amulet of Hegex (around neck) {Regen+ Str+3 Slay+2}
   (You bought it in a shop on level 5 of the Dungeon)

   [amulet of regeneration]

   Str:       It affects your strength (+3).
   Slay:      It affects your accuracy & damage with ranged weapons and melee
   (+2).
   Regen:     It increases your rate of health regeneration.
 O - a ring of willpower
Wands
 f - a wand of roots (5)
 j - a wand of flame (72)
 k - a wand of digging (3)
 C - a wand of mindburst (22)
 G - a wand of polymorph (22)
 N - a wand of acid (9)
Scrolls
 e - 6 scrolls of magic mapping
 p - 2 scrolls of amnesia
 t - 10 scrolls of teleportation
 u - 3 scrolls of fear
 y - 3 scrolls of enchant armour
 D - 4 scrolls of poison
 M - a scroll of fog
 Q - a scroll of blinking
Potions
 d - 14 potions of curing
 g - 10 potions of mutation
 l - 4 potions of flight
 m - 4 potions of haste
 n - 6 potions of brilliance
 q - 2 potions of magic
 w - a potion of ambrosia
 x - 2 potions of heal wounds
 H - 2 potions of lignification
 J - 5 potions of berserk rage
 K - 3 potions of resistance
 R - a potion of might {unknown}


   Skills:
 - Level 12.0 Fighting
 - Level 12.2 Maces & Flails
 - Level 0.3 Polearms
 - Level 0.2 Ranged Weapons
 - Level 5.0 Armour
 - Level 3.0 Dodging
 - Level 2.6 Stealth
 - Level 4.0 Shields
 - Level 0.4 Unarmed Combat
 - Level 12.0 Spellcasting
 + Level 7.0 Conjurations
 - Level 0.3 Necromancy
 - Level 0.7 Transmutations
 * Level 6.5 Fire Magic
 - Level 0.3 Air Magic
 - Level 14.0 Earth Magic
 * Level 11.6 Invocations


You had 16 spell levels left.
You knew the following spells:

 Your Spells              Type           Power      Damage    Failure   Level
a - Sandblast             Erth           100%       2d20      1%          1
b - Stone Arrow           Conj/Erth      100%       3d13      1%          3
c - Petrify               Tmut/Erth      45%        N/A       9%          4
d - Ignition              Fire           20%        3d7       100%        8
e - Starburst             Conj/Fire      21%        6d7       85%         6

Your spell library contained the following spells:

 Spells                   Type           Power      Damage    Failure   Level
 Magic Dart               Conj           100%       1d8       1%          1
 Passwall                 Tmut/Erth      37%        N/A       1%          2
 Searing Ray              Conj           88%        2d7       1%          2
 Flame Wave               Conj/Fire      43%        2d11      11%         4
 Sticky Flame             Conj/Fire      43%        2d6       11%         4
 Dazzling Flash           Conj/Hex       56%        N/A       12%         3
 Beastly Appendage        Tmut           32%        N/A       13%         1
 Inner Flame              Hex/Fire       27%        N/A       13%         3
 Volatile Blastmotes      Fire/Tloc      54%        2d14      13%         3
 Wereblood                Tmut           16%        N/A       19%         2
 Ignite Poison            Fire/Tmut/Pois 23%        N/A       19%         3
 Ensorcelled Hibernation  Hex/Ice        26%        N/A       26%         2
 Fulminant Prism          Conj/Hex       14%        3d9       36%         4
 Iskenderun's Mystic Bla  Conj/Tloc      28%        2d7       36%         4
 Spider Form              Tmut/Pois      14%        N/A       41%         3
 Swiftness                Air            14%        N/A       41%         3
 Confusing Touch          Hex            13%        N/A       45%         3
 Gell's Gravitas          Tloc           13%        N/A       45%         3
 Portal Projectile        Hex/Tloc       26%        N/A       45%         3
 Teleport Other           Tloc           13%        N/A       45%         3
 Freezing Cloud           Conj/Ice/Air   12%        6-21      86%         5
 Dispersal                Tloc           6%         N/A       100%        6
 Chain Lightning          Conj/Air       14%        3d19      100%        9


Dungeon Overview and Level Annotations

Branches:
Dungeon (15/15)            Temple (1/1) D:4            Lair (5/5) D:10
  Swamp (0/4) Lair:2       Spider (0/4) Lair:2        Slime (0/5) Lair:5
    Orc (0/2) D:12         Vaults (0/5) D:14          IceCv (visited)
 Depths: D:15

Altars:
Ashenzari
Cheibriados
Dithmenos
Elyvilon
Fedhas
Gozag
Hepliaklqana
Kikubaaqudgha
Makhleb
Nemelex Xobeh
Okawaru
Qazlal
Ru
Sif Muna
Trog
Uskayaw
Vehumet
Wu Jian
Xom
Yredelemnul
Zin
The Shining One
Jiyva

Shops:
D:5 =   D:11 [

Annotations:
D:10 stash
Lair:2 exclusion: orange crystal statue


Innate Abilities, Weirdness & Mutations

You are immune to sickness and miasma.
Your stone body is resilient. (AC +11)
You are immune to poison.
Your large and strong wings let you fly.
You resist negative energy. (rN+)
You are resistant to electric shocks. (rElec)
You are resistant to unholy torment.
You are immune to petrification.


Message History

There is an open door, spattered with blood here.
Things that are here:
a +0 whip; a +0 robe 3 slime creatures come into view.
A slime creature comes into view.
Found a scale mail.
The slime creature quivers.
You bludgeon the slime creature!!
The slime creature is poisoned.
The slime creature is heavily wounded.
The slime creature hits you but does no damage.
You block the slime creature's attack.
Two slime creatures merge to form a large slime creature.
Two slime creatures merge to form a very large slime creature.
Two slime creatures merge to form an enormous slime creature.
Casting: Stone Arrow (safe; 1% risk of failure)
Confirm with . or Enter, or press ? or * to list all spells.
Aiming: Stone Arrow (safe; 1% risk of failure)
Press: ? - help, Shift-Dir - straight line, f - enormous slime creature
Aim: an enormous slime creature (lightly wounded, poisoned, haloed, 96% to hit)
The stone arrow hits the enormous slime creature!
The enormous slime creature is lightly wounded.
There is an open door, spattered with blood here.
Things that are here:
a +0 whip; a +0 robe
Casting: Stone Arrow (safe; 1% risk of failure)
Confirm with . or Enter, or press ? or * to list all spells.
Aiming: Stone Arrow (safe; 1% risk of failure)
Press: ? - help, Shift-Dir - straight line, f/p - enormous slime creature
Aim: an enormous slime creature (lightly wounded, poisoned, haloed, 96% to hit)
The stone arrow hits the enormous slime creature!!
The enormous slime creature is moderately wounded.
The enormous slime creature looks more healthy.
The enormous slime creature attacks as you move away!
The enormous slime creature hits you!!!
The enormous slime creature attacks as you move away!
The enormous slime creature hits you!!!
* * * LOW HITPOINT WARNING * * *
The enormous slime creature attacks as you move away!
The enormous slime creature hits you!!!
Ouch! That really hurt!
You die...

########
######..#.....#...#
#....###.###.#
#..#.###.###[#
#.##.#.....).#
#.##...#.#####
#.##...#.######
##.##...#.......
###..##...###.#.##
####@........# #.#.#
.
#^.J.##.########.#.#
..
#.#####............##
#. ###.#
##########..... #.
#...#### J#.# ######
#..##.###..## ....
#....##....#?.#
####.).......#
#.##....###


You could see an enormous slime creature.

Vanquished Creatures
  A frost giant (D:13)
  An ironbound preserver (D:14)
  A reaper (IceCv)
  A rakshasa (D:15)
  Harold (Lair:1)
  2 centaur warriors
  6 hydras
  3 catoblepae
  5 boulder beetles
  2 two-headed ogres (D:11)
  15 death yaks
  A death knight (D:13)
  A tengu warrior (D:14)
  Nergalle (Lair:1)
  A skyshark (Lair:2)
  Sonja (Lair:5)
  Lodul (D:14)
  An orc knight (D:15)
  2 lindwurms (Lair:5)
  4 manticores
  2 ugly things
  2 deep elf pyromancers
  4 cyclopes
  A salamander (shapeshifter) (D:15)
  18 elephants
  Joseph (D:7)
  An ice statue (IceCv)
  3 black mambas
  3 torpor snails
  Maggie (Lair:2)
  14 cane toads
  4 gargoyles
  2 efreet (D:14)
  7 rime drakes
  A kobold demonologist (D:10)
  5 komodo dragons
  6 ice devils (IceCv)
  4 yaktaurs (D:13)
  2 freezing wraiths
  An anaconda simulacrum (IceCv)
  2 tengu conjurers
  2 meliai (shapeshifter)
  3 meliai (D:15)
  12 trolls
  7 polar bears
  A wolf spider simulacrum (D:15)
  3 dream sheep (Lair:5)
  14 blink frogs
  20 slime creatures
  A spriggan (shapeshifter) (D:14)
  3 centaur simulacra
  Sigmund (D:2)
  A spriggan (D:7)
  3 shadows
  A wyvern (Lair:5)
  3 vampires
  Eustachio (D:4)
  3 dire elephant simulacra (IceCv)
  45 yaks
  2 steam dragons (Lair:5)
  4 wraiths
  10 basilisks
  4 vampire mosquitoes
  4 harpy simulacra (IceCv)
  4 acid dragons
  11 water moccasins
  2 hydra simulacra (IceCv)
  A swamp drake (Lair:5)
  7 orc warriors
  3 sky beasts
  An ice beast (D:5)
  A black bear (D:8)
  5 ogres
  17 wolves
  6 centaurs
  A phantom (D:5)
  3 kobold brigands (D:10)
  5 bullfrogs
  2 gnoll sergeants
  8 scorpions
  15 wights
  12 killer bees
  An elephant simulacrum (IceCv)
  3 lava snakes (Lair:2)
  A howler monkey (D:10)
  5 jellies
  11 orc priests
  9 hounds
  2 gnoll boudas
  2 sleepcaps
  Natasha (thrice) (D:2)
  5 iguanas
  6 orc wizards
  A hell rat (Lair:5)
  A polar bear simulacrum (IceCv)
  A wolf simulacrum (IceCv)
  Robin (D:2)
  18 gnolls
  4 adders
  12 white imps (Lair:1)
  2 ufetubi (IceCv)
  2 worms
  3 dart slugs
  40 orcs
  10 endoplasms
  9 giant cockroaches
  19 goblins
  10 hobgoblins
  7 quokkas
  6 ball pythons
  11 bats
  2 frilled lizards (D:1)
  13 kobolds
  A rat (D:3)
608 creatures vanquished.

Notes
Turn   | Place    | Note
-------+----------+-------------------------------------------
     0 | D:1      | EWolf27 the Gargoyle Earth Elementalist began the quest for
                  | the Orb.
     0 | D:1      | Reached XP level 1. HP: 10/10 MP: 3/3
   156 | D:1      | Reached skill level 4 in Earth Magic
   206 | D:1      | Reached XP level 2. HP: 15/15 MP: 3/5
   560 | D:1      | Reached XP level 3. HP: 19/19 MP: 2/6
   983 | D:2      | Learned a level 3 spell: Stone Arrow
  1022 | D:2      | Found Tuqox's Antique Weapon Shoppe.
  1039 | D:2      | Noticed Robin
  1053 | D:2      | Noticed Natasha
  1064 | D:2      | Reached XP level 4. HP: 16/24 MP: 2/8
  1589 | D:2      | Killed Robin
  1590 | D:2      | Reached skill level 5 in Earth Magic
  1644 | D:2      | Noticed Sigmund
  1652 | D:2      | Killed Sigmund
  1653 | D:2      | Reached skill level 1 in Fighting
  1653 | D:2      | Reached skill level 1 in Conjurations
  1653 | D:2      | Reached XP level 5. HP: 10/29 MP: 2/10
  1653 | D:2      | Reached XP level 6. HP: 12/34 MP: 2/11
  1789 | D:2      | Killed Natasha
  1790 | D:2      | Reached skill level 6 in Earth Magic
  1809 | D:2      | Noticed Natasha
  1812 | D:2      | Killed Natasha
  1899 | D:2      | Noticed Natasha
  1901 | D:2      | Killed Natasha
  2254 | D:3      | Learned a level 4 spell: Petrify
  2643 | D:3      | Found a shimmering blue altar of Sif Muna.
  3007 | D:3      | Found a glowing silver altar of Zin.
  3010 | D:3      | Became a worshipper of Zin the Law-Giver
  3010 | D:3      | Reached * piety under Zin
  3011 | D:3      | Donated 75 gold pieces to Zin
  3070 | D:3      | Reached XP level 7. HP: 32/38 MP: 4/13
  3253 | D:5      | Entered Level 5 of the Dungeon
  3386 | D:4      | Reached skill level 7 in Earth Magic
  3499 | D:4      | Noticed Eustachio
  3507 | D:4      | Killed Eustachio
  3508 | D:4      | Reached skill level 5 in Spellcasting
  3693 | D:4      | Reached XP level 8. HP: 44/44 MP: 12/15
  3840 | D:4      | Found a staircase to the Ecumenical Temple.
  3881 | Temple   | Entered the Ecumenical Temple
  3889 | Temple   | Fell from the grace of Zin
  3889 | Temple   | Became a worshipper of the Shining One
  4272 | D:4      | Reached skill level 8 in Earth Magic
  4389 | D:4      | Found the +5 woodcutter's axe
  4654 | D:5      | Found a shadowy altar of Dithmenos.
  4785 | D:5      | Reached skill level 1 in Armour
  5073 | D:5      | Reached skill level 1 in Invocations
  5302 | D:5      | Found Kimopasa's Jewellery Emporium.
  5332 | D:5      | Reached XP level 9. HP: 41/49 MP: 11/18
  5389 | D:5      | Reached skill level 5 in Conjurations
  5955 | D:6      | Reached skill level 9 in Earth Magic
  7521 | D:6      | Found an ornate altar of the Wu Jian Council.
  7521 | D:6      | Found a shimmering altar of Xom.
  7524 | D:6      | Found a hide-covered altar of Uskayaw.
  7526 | D:6      | Found an opulent altar of Gozag.
  7901 | D:7      | Identified the +1 hat "Boehenipp" {rF+}
  7923 | D:7      | Reached skill level 1 in Maces & Flails
  8303 | D:7      | Found a snail-covered altar of Cheibriados.
  8331 | D:7      | Reached skill level 10 in Earth Magic
  8394 | D:7      | Reached * piety under the Shining One
  8416 | D:7      | Reached XP level 10. HP: 48/56 MP: 7/21
  8716 | D:7      | Noticed Joseph
  8719 | D:7      | Killed Joseph
  9301 | D:8      | Reached ** piety under the Shining One
  9329 | D:8      | Reached skill level 5 in Armour
  9924 | D:8      | Found a basalt altar of Yredelemnul.
 11071 | D:9      | Found a white marble altar of Elyvilon.
 11489 | D:9      | Identified a scroll of acquirement
 11498 | D:9      | Acquired the +7 eveningstar "Haoluabb" {venom, rN+}
 11583 | D:9      | Found a broken altar of Ashenzari.
 11780 | D:10     | Entered Level 10 of the Dungeon
 11857 | D:11     | Reached skill level 11 in Earth Magic
 12324 | D:10     | Reached skill level 5 in Maces & Flails
 12428 | D:10     | Found a blossoming altar of Fedhas.
 12436 | D:10     | Found a staircase to the Lair.
 12460 | D:10     | Reached XP level 11. HP: 61/61 MP: 16/23
 12557 | D:10     | Identified the staff of conjuration "Hycic" {Drain Will+
                  | rCorr}
 12557 | D:10     | Noticed a centaur warrior
 12572 | D:10     | Killed a centaur warrior
 12737 | D:10     | Reached *** piety under the Shining One
 13119 | D:10     | Reached skill level 12 in Earth Magic
 13130 | D:10     | Got the Disquisition on Hexing and Blasts
 14406 | D:11     | Noticed a two-headed ogre
 14407 | D:11     | Noticed a two-headed ogre
 14417 | D:11     | Killed a two-headed ogre
 14422 | D:11     | Killed a two-headed ogre
 14536 | D:11     | Found Olich's Antique Armour Emporium.
 14735 | D:11     | Noticed a two-headed ogre
 14735 | D:11     | Noticed a red ugly thing
 15203 | D:12     | Noticed a white ugly thing
 15573 | D:12     | Found a staircase to the Orcish Mines.
 15641 | D:12     | Noticed a cyclops
 15845 | D:12     | Killed a white ugly thing
 15846 | D:12     | Reached XP level 12. HP: 38/67 MP: 12/25
 16077 | D:12     | Reached skill level 5 in Invocations
 16084 | D:12     | Reached skill level 10 in Spellcasting
 16250 | D:12     | Reached **** piety under the Shining One
 17160 | D:13     | Noticed a centaur warrior
 17165 | D:13     | Killed a centaur warrior
 17246 | D:13     | Noticed a catoblepas
 17254 | D:13     | Killed a catoblepas
 17255 | D:13     | Reached skill level 5 in Fighting
 17433 | D:13     | Noticed a death knight
 17501 | D:13     | Killed a death knight
 17606 | D:13     | Noticed a boulder beetle
 17619 | D:13     | Killed a boulder beetle
 18057 | D:13     | Reached skill level 13 in Earth Magic
 18310 | D:13     | Identified the +10 short sword of Plague {heavy, rElec rF+
                  | Int+3}
 18390 | D:13     | Noticed a frost giant
 18401 | D:13     | Killed a frost giant
 18402 | D:13     | Reached skill level 10 in Maces & Flails
 18724 | D:15     | Entered Level 15 of the Dungeon
 19419 | D:14     | Noticed a four-headed hydra
 19432 | D:14     | Killed a four-headed hydra
 19433 | D:14     | Reached XP level 13. HP: 48/73 MP: 12/27
 19797 | D:14     | Found a gate to the Vaults.
 19797 | D:14     | Noticed an ironbound preserver
 19797 | D:14     | Noticed Lodul
 19823 | D:14     | Killed an ironbound preserver
 21136 | D:14     | Killed Lodul
 21259 | Lair:1   | Entered Level 1 of the Lair of Beasts
 21421 | Lair:1   | Reached ***** piety under the Shining One
 21439 | Lair:1   | Found a frozen archway.
 21470 | IceCv    | Entered an ice cave
 22303 | IceCv    | Noticed a reaper
 22311 | IceCv    | Killed a reaper
 22723 | Lair:1   | You fall into a shaft and drop 1 floor!
 22731 | Lair:2   | Noticed Maggie
 22741 | Lair:2   | Killed Maggie
 22806 | Lair:2   | Found a radiant altar of Vehumet.
 22820 | Lair:2   | Acquired the +5 Storm Queen's Shield {shock, Fly rElec}
 22820 | Lair:2   | Found the +5 Storm Queen's Shield {shock, Fly rElec}
 23011 | Lair:1   | Reached skill level 1 in Shields
 23069 | Lair:1   | Noticed Nergalle
 23075 | Lair:1   | Killed Nergalle
 23076 | Lair:1   | Gained mutation: Your large and strong wings let you fly.
                  | [Gargoyle growth]
 23076 | Lair:1   | Reached XP level 14. HP: 82/82 MP: 28/28
 23457 | Lair:1   | Noticed Harold
 23465 | Lair:1   | Killed Harold
 24642 | Lair:2   | Found a staircase to the Swamp.
 24675 | Lair:2   | Identified the +1 whip "Hellblazer" {vamp, rF+ rN+++ Will-}
 24691 | Lair:2   | Found a hole to the Spider Nest.
 24782 | Lair:2   | Learned a level 8 spell: Ignition
 25532 | Lair:3   | Reached skill level 14 in Earth Magic
 26594 | Lair:3   | Reached skill level 10 in Fighting
 27147 | Lair:3   | Learned a level 6 spell: Starburst
 27650 | Lair:4   | Reached skill level 1 in Fire Magic
 27793 | Lair:4   | Reached ****** piety under the Shining One
 28326 | Lair:5   | Entered Level 5 of the Lair of Beasts
 28369 | Lair:5   | Reached XP level 15. HP: 89/95 MP: 30/30
 28412 | Lair:5   | Noticed Sonja
 28538 | Lair:5   | Killed Sonja
 28803 | Lair:5   | Found a viscous altar of Jiyva.
 28804 | Lair:5   | Found a staircase to the Slime Pits.
 29774 | Lair:4   | Reached skill level 10 in Invocations
 30801 | Lair:5   | Reached skill level 5 in Fire Magic
 31231 | Lair:5   | Found the +0 mask of the Dragon {Will+ Slay+3 SInv}
 31727 | D:5      | Bought the ring "Ciuphemnu" {MP+9 Str+2 Stlth+} for 510
                  | gold pieces
 31727 | D:5      | Bought the amulet of Hegex {Regen+ Str+3 Slay+2} for 775
                  | gold pieces
 31933 | D:11     | Bought a crude cloak for 228 gold pieces
 31933 | D:11     | Identified the +0 cloak "Zugh" {Dex+2 Stlth+} (You bought
                  | it in a shop on level 11 of the Dungeon)
 32845 | D:15     | Annihilated by an enormous slime creature

Illustrated notes

Levels and vault maps discovered:
D:1:      dpeg_arrival_lava_temple_mockup, layout_basic,
          minmay_misc_feat_diagonals
D:2:      layout_basic, serial_shops, shop, uniq_natasha, uniq_sigmund,
          uniq_robin
D:3:      layout_loops_ring, zin_statuary, lemuel_doored_altar,
          minmay_close_crescents
D:4:      layout_basic, minmay_temple_entry_water_ring, uniq_eustachio
D:5:      layout_loops_cross, nicolae_dithmenos_the_darkroom, serial_shops,
          nicolae_shop_temple_entry_statues_fountains, cheibrodos_gnoll_hut
D:6:      layout_loops_cross, minitemple
D:7:      layout_basic, slow_altar_2, the_hattery, uniq_joseph
D:8:      layout_rooms, lemuel_round_altar
D:9:      layout_big_octagon, cheibrodos_ashenzari_chains,
          mainiacjoe_overflow_six_doors_small, kennysheep_dice
D:10:     layout_gridville, fedhas_altar_2, lair_entry_dummy,
          minmay_pinched_square
D:11:     layout_roguey, serial_shops, nicolae_shop_hallway_stairs
D:12:     layout_basic, orc_0_dummy
D:13:     layout_roguey, kennysheep_just_a_vault
D:14:     layout_basic, skrybe_vaults_entry_preservation,
          minmay_misc_feat_columns, uniq_lodul
D:15:     gammafunk_enter_depths_forms, layout_basic, minivault_4
Temple:   dpeg_chambers_temple
Lair:1:   layout_loops_ring, portal_ice_cave_entry_imps, nzn_sisyphean_effort,
          serial_bayou_shore_a, uniq_nergalle, uniq_harold
Lair:2:   layout_gridlike, swamp_mist_pool, nicolae_spider_entry_non_spiders,
          basic_altar, disabler_island, grunt_megastairs_4, uniq_maggie
Lair:3:   layout_chaotic_city, infiniplex_staircase_pool
Lair:4:   layout_gridlike, chequers_serial_rivers_micro_c, beast_lair_carwin_11
Lair:5:   hangedman_lair_in_review, layout_regular_city,
          guppyfry_lair_end_dragon, nicolae_slime_entry_slimehenge,
          lightli_volcano_entry_magma_tube, uniq_sonja

Skill      XL: |  1  2  3  4  5  6  7  8  9 10 11 12 13 14 15 |
---------------+----------------------------------------------+-----
Earth Magic    | 4 5 6 7 8 10 11 12 13 14 | 14.0
Spellcasting   | 3 4 5 6 7 8 9 10 11 12 | 12.0
Fighting       | 1 2 3 4 5 7 11 12 | 12.0
Conjurations   | 1 2 3 4 6 7 |  7.0
Armour         | 2 4 5 |  5.0
Invocations    | 1 4 6 8 9 11 | 11.6
Maces & Flails | 1 5 7 10 12 | 12.2
Dodging        | 2 3 |  3.0
Shields        | 1 4 |  4.0
Fire Magic     | 2 6 |  6.5
Polearms       | |  0.3
Ranged Weapons | |  0.2
Stealth        | |  2.6
Unarmed Combat | |  0.4
Necromancy     | |  0.3
Transmutations | |  0.7
Air Magic      | |  0.3

Action                     |  1- 3 |  4- 6 |  7- 9 | 10-12 | 13-15 || total
---------------------------+-------+-------+-------+-------+-------++-------
  Melee: Hand axe          |    32 |    26 |       |       |       ||    58
         Punch             |       |     1 |     2 |       |     8 ||    11
         War axe           |       |       |   104 |       |       ||   104
         Whip              |       |       |       |    60 |       ||    60
         Eveningstar       |       |       |       |   154 |   815 ||   969
  Throw: Dart              |       |       |       |       |     1 ||     1
   Cast: Sandblast         |    46 |    55 |    48 |    29 |     6 ||   184
         Stone Arrow       |       |       |    85 |   203 |   249 ||   537
 Invoke: Donate Gold       |       |     1 |       |       |       ||     1
         Recite            |       |       |     1 |       |       ||     1
         Divine Shield     |       |       |       |     3 |     1 ||     4
  Evoke: Wand              |       |       |       |       |     2 ||     2
    Use: Scroll            |       |     5 |     5 |    18 |     7 ||    35
         Potion            |       |       |       |     1 |     1 ||     2
   Stab: Sleeping          |       |     1 |     1 |       |       ||     2
 Armour: Robe              |    29 |    36 |    69 |       |       ||   134
         Leather armour    |       |       |    22 |    28 |       ||    50
         Troll leather arm |       |       |       |   182 |   548 ||   730
  Dodge: Dodged            |    35 |    37 |   135 |   195 |   439 ||   841
  Block: Other             |       |       |       |     5 |     4 ||     9
         Kite shield       |       |       |       |       |   321 ||   321
